Map: Traitor's Exile

Players

Charlotte

  • Race: Terran Terran
  • League: Diamond
  • Spawn Location: 12:00

MkJorvil

  • Race: Protoss Protoss
  • League: Gold
  • Spawn Location: 9:00

MonstroTown - Winner!

  • Race: Terran Terran
  • Spawn Location: 5:00

Michael - Winner!

  • Race: Zerg Zerg
  • League: Gold
  • Spawn Location: 6:00

VOD

Have the link to the VOD?

Description

Time

  • Played on: Sept. 16, 2018, 11:25 a.m.
  • Length: 12:48
Show
View Real Time Build Order
Export as new Build Order

Charlotte Terran 

Build Orders:  

Get SALT Encoding   

  12  0:09  SCV  
  14  0:21  SCV  
  14  0:28  Supply Depot  
  14  0:33  SCV  
  15  0:52  Barracks  
  15  1:02  Barracks  
  15  1:04  SCV  
  16  1:16  Supply Depot  
  16  1:23  Supply Depot  
  16  1:24  SCV, Refinery  
  17  1:47  Marine  
  17  1:52  Marine  
  19  1:57  SCV  
  19  1:58  Refinery  
  19  2:01  Engineering Bay  
  20  2:09  SCV  
  20  2:10  Marine x2  
  23  2:22  SCV  
  24  2:30  Marine x2  
  24  2:34  SCV  
  27  2:45  Missile Turret  
  27  2:54  Factory  
  27  3:11  Barracks Tech Lab  
  27  3:15  Barracks Tech Lab  
  27  3:22  Supply Depot  
  27  3:23  Orbital Command  
  27  3:32  Barracks Reactor  
  27  3:34  Stimpack  
  27  3:38  Factory Tech Lab  
  27  3:50  Marauder  
  29  4:03  Siege Tank  
  32  4:10  Marine  
  32  4:11  Marine  
  32  4:12  Marauder  
  36  4:28  Marine x2  
  38  4:33  Marauder  
  40  4:46  Marine x2  
  40  4:51  Siege Tank  
  34  5:07  Marine  
  34  5:08  Marine  
  34  5:09  Marauder  
  38  5:18  Bunker  
  38  5:30  Siege Tank  
  38  5:31  Marine x3  
  44  5:48  Starport  
  44  5:55  SCV  
  45  6:03  Terran Infantry Weapons Level 1  
  45  6:14  Supply Depot  
  45  6:17  Supply Depot  
  45  6:31  Starport Reactor  
  45  6:34  Marine x2  
  45  6:35  Siege Tank  
  50  6:56  Marine  
  51  7:10  Medivac  
  51  7:11  Medivac  
  55  7:21  Supply Depot  
  55  7:22  Supply Depot  
  55  7:23  Siege Tank, Marine x2  
  55  7:24  Liberator  
  55  7:25  Liberator  
  66  7:48  Marine  
  66  7:49  Marine  
  67  7:59  Marine  
  56  8:18  Barracks Reactor  
  56  8:38  Marine  
  57  8:47  Command Center  
  57  8:56  Marine  
  58  9:08  Liberator x2  
  47  9:27  Siege Tank, Marine x2  
  58  9:33  Supply Depot  
  58  9:34  Supply Depot  
  58  9:35  Supply Depot  
  58  10:06  Orbital Command  
  58  10:08  Medivac x2  
  62  10:21  Siege Tank  
  62  10:22  Marine  
  62  10:23  Marine x2  
  62  10:26  SCV  
  69  10:31  SCV  
  70  10:40  Marine  
  71  10:43  Marine  
  71  10:44  SCV, Marine  
  71  10:46  Liberator  
  74  11:02  Siege Tank  
  80  11:09  Marine x3  
  83  11:13  SCV  
  83  11:15  SCV  
  85  11:25  SCV  
  86  11:26  Marine  
  86  11:27  SCV  
  88  11:37  SCV  
  76  11:49  SCV  
  68  12:01  SCV  
Show
View Real Time Build Order
Export as new Build Order

MkJorvil Protoss 

Build Orders:  

Get SALT Encoding   

  12  0:06  Probe  
  13  0:19  Pylon  
  13  0:25  Probe  
  14  0:37  Probe, Gateway  
  15  0:47  Pylon  
  15  0:56  Probe  
  16  1:00  Assimilator  
  16  1:08  Probe  
  17  1:20  Probe  
  17  1:25  Cybernetics Core  
  18  1:27  Zealot  
  18  1:32  Probe  
  21  1:45  Gateway  
  21  1:48  Probe  
  21  1:52  Stalker  
  21  1:54  Assimilator  
  22  1:58  Warp Gate  
  24  2:13  Forge  
  24  2:23  Probe  
  25  2:35  Probe  
  26  2:41  Zealot  
  26  2:42  Stalker  
  30  2:47  Probe  
  31  2:51  Pylon  
  31  2:56  Gateway  
  31  3:07  Photon Cannon  
  31  3:16  Twilight Council  
  31  3:24  Stalker  
  33  3:38  Robotics Facility  
  32  4:07  Stalker  
  32  4:08  Stalker x2  
  22  4:31  Zealot x2  
  9  4:53  Probe  
  10  5:04  Pylon  
  10  5:05  Probe  
  11  5:12  Pylon  
  11  5:17  Probe  
  12  5:25  Zealot x3  
  18  5:29  Probe  
  17  5:41  Probe  
  18  5:53  Probe  
  19  6:06  Probe  
  20  6:12  Stargate  
  20  6:18  Probe  
  21  6:30  Probe  
  22  6:41  Photon Cannon  
  22  6:42  Probe  
  22  6:45  Observer  
  24  6:54  Probe  
  24  6:59  Stalker  
  24  7:00  Sentry  
  29  7:06  Probe  
  30  7:18  Probe  
  31  7:30  Probe  
  32  7:38  Charge  
  32  7:42  Probe  
  33  7:49  Immortal  
  37  7:54  Probe  
  32  8:20  Pylon  
  32  8:24  Nexus  
  32  8:35  Probe  
  32  8:38  Sentry x2  
  37  8:43  Stalker  
  37  8:47  Probe  
  40  8:58  Pylon  
  40  8:59  Probe  
  41  9:11  Probe  
  41  9:17  Stalker x2  
  44  9:18  Sentry  
  44  9:21  Shield Battery  
  48  9:32  Photon Cannon  
  48  9:40  Probe x2  
  50  10:04  Assimilator  
  50  10:11  Zealot, Assimilator  
  50  10:12  Zealot  
  50  10:13  Sentry  
  56  10:24  Pylon  
  56  10:30  Pylon  
  60  10:35  Immortal  
  60  10:52  Templar Archives  
  60  10:58  Gateway  
  60  10:59  Probe  
  60  11:00  Probe  
  62  11:10  Observer  
  62  11:11  Probe  
  62  11:12  Probe  
  64  11:21  Pylon  
  64  11:24  Probe x2  
  64  11:25  Stalker  
  68  11:36  Probe x2  
  70  11:44  Phoenix  
  72  11:47  Pylon  
  72  11:52  High Templar  
  72  11:53  High Templar  
  76  11:55  High Templar  
  78  12:04  High Templar  
  80  12:28  Stalker x2  
  80  12:29  Stalker  
  86  12:36  Archon x2  
  80  12:40  Stalker  
Show
View Real Time Build Order
Export as new Build Order

MonstroTown Terran - Winner!

Build Orders: MMM Bio 

Get SALT Encoding   

  12  0:01  SCV  
  13  0:13  SCV  
  14  0:20  Supply Depot  
  14  0:25  SCV  
  15  0:41  SCV  
  16  0:45  Barracks  
  16  0:53  SCV  
  16  0:54  Barracks  
  17  1:06  SCV  
  17  1:10  Barracks  
  18  1:18  SCV  
  19  1:26  Barracks  
  19  1:32  Marine  
  20  1:39  SCV  
  21  1:42  Marine  
  21  1:45  Supply Depot  
  22  1:50  Marine  
  23  1:56  Supply Depot  
  23  2:07  Marine x2  
  25  2:09  Marine  
  25  2:14  Marine  
  27  2:32  Marine x3  
  27  2:33  Marine  
  27  2:35  Orbital Command  
  31  2:47  Supply Depot  
  31  2:50  Marine x3  
  34  2:54  Marine  
  35  3:08  Marine x3  
  38  3:13  Marine  
  38  3:17  Refinery  
  39  3:26  Marine x3  
  42  3:30  Marine  
  42  3:34  Supply Depot  
  43  3:43  Supply Depot, Marine x2  
  43  3:44  Marine  
  46  3:49  Marine  
  47  4:01  Marine  
  37  4:40  Marine x2  
  37  4:41  Marine x2  
  27  5:02  Marine x4  
  28  5:18  Command Center  
  28  5:20  Marine x2  
  30  5:22  Barracks Tech Lab  
  30  5:31  Marine  
  31  5:37  Marine  
  31  5:39  Bunker  
  31  5:40  Marine x2  
  31  5:41  Bunker  
  31  5:42  Stimpack  
  34  5:44  Bunker  
  34  5:52  Factory  
  34  5:55  Marine  
  35  6:02  SCV  
  36  6:12  Marine x2  
  36  6:15  Marine  
  36  6:16  Marauder  
  36  6:17  SCV  
  42  6:29  SCV  
  43  6:33  Bunker  
  43  6:36  Marine x3  
  46  6:41  Hellion  
  46  6:44  Refinery  
  48  6:54  Starport  
  48  7:01  Engineering Bay  
  48  7:13  Marine x2  
  48  7:14  Marauder  
  52  7:24  Orbital Command  
  52  7:29  Marine  
  53  7:37  SCV  
  53  7:41  Starport Tech Lab  
  54  7:49  Medivac  
  38  8:05  Marine  
  38  8:06  Marine x3  
  35  8:19  Bunker  
  35  8:21  Medivac  
  35  8:23  Marine x2  
  35  8:25  Terran Infantry Weapons Level 1  
  39  8:27  Combat Shields  
  39  8:33  Barracks Reactor  
  39  8:38  Factory Tech Lab  
  39  8:42  Marine  
  40  8:49  Marine  
  40  8:50  Marine  
  36  8:59  Marine  
  27  9:13  SCV x2  
  24  9:25  SCV x2  
  24  9:27  Marine x3  
  29  9:34  Missile Turret  
  29  9:35  Missile Turret  
  29  9:37  SCV  
  29  9:38  SCV  
  31  9:39  Missile Turret  
  31  9:43  Marine x2  
  31  9:44  Marine  
  34  9:54  Marine  
  34  9:58  Marine  
  36  10:08  SCV  
  36  10:09  SCV  
  36  10:12  Refinery  
  36  10:14  Marine  
  39  10:21  SCV  
  40  10:36  Marine x2  
  40  10:37  Marauder  
  40  10:38  Viking  
  40  10:41  SCV x2  
  48  10:47  Marine x2  
  50  10:53  SCV x2  
  52  11:02  Marine  
  53  11:06  SCV  
  53  11:10  SCV  
  53  11:11  Command Center  
  55  11:16  Concussive Shells  
  55  11:29  Viking  
  57  11:39  Marine x3  
  51  11:40  Marine x2  
  45  12:22  Marine x2  
  42  12:27  Marine  
Show
View Real Time Build Order
Export as new Build Order

Michael Zerg - Winner!

Build Orders: Hatch First 

Get SALT Encoding   

  12  0:01  Drone  
  13  0:12  Overlord  
  13  0:18  Drone  
  14  0:31  Drone x2  
  14  0:34  Drone  
  17  0:45  Drone  
  18  0:58  Hatchery  
  18  1:00  Drone  
  18  1:06  Extractor  
  17  1:17  Spawning Pool  
  16  1:19  Drone  
  16  1:23  Drone  
  18  1:31  Drone  
  19  1:40  Drone  
  20  1:49  Overlord  
  20  2:03  Overlord  
  20  2:09  Queen  
  20  2:11  Queen  
  20  2:15  Metabolic Boost  
  24  2:18  Zergling x2  
  24  2:22  Zergling x2  
  26  2:29  Drone x2  
  28  2:35  Drone  
  28  2:36  Drone  
  29  2:47  Roach Warren  
  28  2:54  Zergling x4  
  28  2:56  Zergling x2  
  31  3:00  Drone  
  31  3:04  Drone  
  33  3:05  Drone  
  34  3:15  Lair  
  34  3:16  Drone  
  34  3:19  Drone  
  36  3:27  Queen  
  36  3:33  Drone x2  
  40  3:37  Extractor, Drone  
  40  3:43  Drone x2  
  42  3:49  Drone x2  
  42  3:51  Overlord  
  39  4:18  Zergling x14  
  46  4:26  Zergling x2  
  47  4:34  Queen x2  
  47  4:37  Glial Reconstitution  
  51  4:40  Hatchery  
  50  4:46  Zergling x4  
  49  5:05  Zergling x12  
  52  5:07  Zergling x4  
  52  5:16  Evolution Chamber  
  51  5:27  Overlord x3  
  51  5:28  Overlord x2  
  51  5:33  Drone  
  51  5:40  Roach  
  52  5:48  Roach x6  
  64  5:51  Roach  
  66  5:57  Queen  
  66  5:59  Drone  
  66  6:01  Drone  
  66  6:03  Drone  
  71  6:05  Drone  
  71  6:08  Drone  
  73  6:12  Spore Crawler  
  73  6:15  Drone  
  73  6:18  Spore Crawler  
  72  6:20  Drone x2  
  72  6:22  Drone  
  72  6:24  Drone  
  76  6:30  Zerg Ground Armor Level 1  
  77  6:33  Ravager x3  
  77  6:34  Ravager  
  77  6:35  Ravager x2  
  77  6:37  Ravager x2  
  84  6:42  Zergling x6  
  84  6:44  Zergling x2  
  86  7:11  Roach x5  
  86  7:14  Overlord x5  
  96  7:19  Drone  
  97  7:33  Roach x7  
  111  7:42  Drone  
  113  7:44  Drone x2  
  113  7:46  Drone  
  113  7:47  Drone  
  113  7:48  Drone x3  
  113  7:49  Drone x4  
  113  7:50  Drone  
  96  8:12  Roach x6  
  92  8:22  Extractor  
  92  8:24  Extractor  
  92  8:25  Spore Crawler x2  
  92  8:26  Spine Crawler  
  88  8:27  Drone, Spine Crawler  
  88  8:29  Drone x3  
  90  8:42  Spire  
  90  8:46  Drone  
  90  8:53  Drone x3  
  93  9:26  Drone x3  
  93  9:30  Extractor  
  95  9:32  Extractor  
  94  9:43  Hatchery  
  93  9:54  Mutalisk x3  
  93  9:55  Mutalisk x4  
  93  9:57  Mutalisk  
  109  10:25  Mutalisk x3  
  109  10:28  Zergling x18  
  116  10:29  Zergling x28  
  138  10:36  Overlord x3  
  138  10:48  Hatchery  
  137  10:53  Zergling x2  
  138  10:59  Overlord x4  
  138  11:07  Hatchery  
  138  11:11  Drone x15  
  145  11:12  Queen  
  154  11:23  Drone  
  155  11:27  Extractor  
  155  11:29  Extractor  
  153  11:36  Mutalisk x5  
  164  11:47  Zergling x12  
  152  12:09  Mutalisk  
  152  12:10  Mutalisk x3  
  152  12:11  Zergling x2  
  152  12:12  Zergling x20  
Tags
 
Add a new tag
Caveats
  • Supply blocks, unpowered buildings, or Contaminate may cause inaccurate times.
  • Supply counts are checked every 10 seconds.